 Dungeon Crawl Stone Soup version 0.29.1-14-g9c671dbff4 (webtiles) character file.

Game seed: 5108804801894291014

544 sankara the Caller (level 7, -7/55 HPs)
             Began as a Hill Orc Summoner on Feb 12, 2023.
             Killed by nerve-wracking pain
             ... invoked by Menkaure
              (13 damage)
             ... on level 4 of the Dungeon.
             The game lasted 00:20:38 (5414 turns).

sankara the Caller (Hill Orc Summoner)              Turns: 5414, Time: 00:20:38

Health: -7/55      AC: 14    Str: 13      XL:     7   Next: 27%
Magic:  1/10       EV:  9    Int: 15      God:
Gold:   229        SH:  0    Dex:  9 (11) Spells: 4/10 levels left

rFire   . . .      SeeInvis .   a - +0 hand axe (drain)
rCold   . . .      Faith    .   (no shield)
rNeg    . . .      Spirit   .   c - +0 scale mail
rPois   .          Reflect  .   (no helmet)
rElec   .          Harm     .   (no cloak)
rCorr   .          Rampage  .   (no gloves)
Will    .....                   (no boots)
Stlth   ..........              (no amulet)
HPRegen 0.18/turn               j - +4 ring of protection
MPRegen 0.12/turn               l - +4 ring of protection

@: no status effects
A: no striking features
a: no special abilities


You were on level 4 of the Dungeon.
You visited 1 branch of the dungeon, and saw 4 of its levels.
You also visited: Sewer.

You collected 229 gold pieces.

Inventory:

Hand Weapons
 a - a +0 hand axe of draining (weapon)
 q - a +0 sling
 y - a +1 dagger
Missiles
 m - a throwing net
 t - 5 javelins
Armour
 c - a +0 scale mail (worn)
 g - a +0 robe
Jewellery
 j - a +4 ring of protection (left hand)
 k - a +6 ring of intelligence
 l - a +4 ring of protection (right hand)
 r - a ring of positive energy
Scrolls
 e - 2 scrolls of vulnerability {unknown}
 s - a scroll of noise {unknown}
 w - a scroll of magic mapping {unknown}
 x - a scroll of brand weapon {unknown}
 A - a scroll of blinking {unknown}
Potions
 b - a potion of lignification {unknown}
 d - 2 potions of flight
 f - 2 potions of magic
 h - a potion of might {unknown}
 i - 4 potions of haste {unknown}
 n - 2 potions of cancellation {unknown}
 o - 4 potions of mutation {unknown}
 p - 2 potions of attraction {unknown}
 u - a potion of curing {unknown}
 v - a potion of resistance {unknown}
 z - a potion of berserk rage {unknown}


   Skills:
 + Level 2.0 Fighting
 * Level 2.9 Axes
 + Level 3.5 Armour
 + Level 3.4 Dodging
 - Level 2.0 Stealth
 - Level 2.0 Spellcasting
 + Level 5.5 Summonings


You had 4 spell levels left.
You knew the following spells:

 Your Spells              Type           Power      Damage    Failure   Level
a - Summon Small Mammal   Summ           72%        N/A       10%         1
b - Call Imp              Summ           18%        N/A       16%         2
c - Call Canine Familiar  Summ           18%        N/A       30%         3

Your spell library contained the following spells:

 Spells                   Type           Power      Damage    Failure   Level
 Summon Guardian Golem    Hex/Summ       9%         N/A       67%         3
 Blink                    Tloc           2%         N/A       82%         2
 Ensorcelled Hibernation  Hex/Ice        2%         N/A       82%         2
 Passwall                 Tmut/Erth      0%         N/A       82%         2
 Portal Projectile        Hex/Tloc       2%         N/A       96%         3
 Swiftness                Air            1%         N/A       96%         3
 Tukima's Dance           Hex            1%         N/A       96%         3
 Summon Lightning Spire   Summ/Air       9%         N/A       97%         4
 Blade Hands              Tmut           0%         N/A       100%        5
 Manifold Assault         Tloc           1%         N/A       100%        5
 Storm Form               Tmut/Air       0%         N/A       100%        7


Dungeon Overview and Level Annotations

Branches:
Dungeon (4/15)              Sewer (visited)
 Temple: D:4-7

Altars:
Trog

Portals:
Abyss: D:3

Annotations:
D:4 Menkaure


Message History

Your body is wracked with pain!
* * * LOW HITPOINT WARNING * * *
Casting: Call Imp (safe; 16% risk of failure)
Confirm with . or Enter, or press ? or * to list all spells.
Menkaure barely misses your quokka.
Your quokka bites Menkaure but does no damage.
Menkaure hits your quokka!
Your quokka dies!
Your quokka's corpse disappears in a puff of smoke!
Menkaure calls on the powers of darkness!
Your body is wracked with pain!
* * * LOW HITPOINT WARNING * * *
Your magical contamination has completely faded away.
Casting: Summon Small Mammal (safe; 10% risk of failure)
Confirm with . or Enter, or press ? or * to list all spells.
A beastly little devil appears in a puff of flame.
What are your orders? t - Shout!
Orders for allies: a - Attack new target. r - Retreat! s - Stop attacking. g - Guard the area. f - Follow me.
Anything else - Cancel.
Gang up on whom?
Press: ? - help, Dir - move target, f - Menkaure
Aim: Menkaure (heavily damaged) Attack!
Menkaure mumbles some strange words.
Menkaure seems to speed up.
Your crimson imp blinks!
Menkaure whispers a few words.
Your crimson imp barely misses Menkaure.
Menkaure hits your crimson imp!!
Your crimson imp dies!
Your crimson imp disappears in a puff of smoke!
Casting: Call Imp (safe; 16% risk of failure)
Confirm with . or Enter, or press ? or * to list all spells.
Okay, then.
Menkaure gestures at you while chanting.
Pain shoots through your body!
You die...

#..######..## # #..#
#..# #..# #..# #..#
#..#
#..######..#######
#..............>..
#.#######).######
#.#######..#
#.#.......@#####
#.#.######.....# #.#.#
#####M# #.#.# #ยง#
#.#.# #M# # #.# #.#
#.#.# #.#
#.#.##########.######
#.......M.............


You could see Menkaure (fast).

Vanquished Creatures
  An ogre (D:4)
  The ghost of protoss039 the Digger, an amateur DsEE (D:3)
  A jelly (Sewer)
  A river rat (Sewer)
  4 adders
  A worm (D:3)
  4 dart slugs
  An orc (D:4)
  5 endoplasms
  6 giant cockroaches
  8 goblins
  4 hobgoblins
  5 kobolds
  3 quokkas
  7 ball pythons
  4 bats
  2 frilled lizards
  8 rats
66 creatures vanquished.

Vanquished Creatures (collateral kills)
  A quasit (D:3)
  3 jellies (Sewer)
  Terence (D:3)
  3 gnolls (D:2)
  2 adders
  An ufetubus (D:3)
  A worm (D:3)
  A dart slug (D:2)
  A ball python (Sewer)
  A bat (D:1)
  4 endoplasms
  2 giant cockroaches
  A jackal (D:2)
  2 quokkas
  4 frilled lizards
  3 rats
31 creatures vanquished.

Grand Total: 97 creatures vanquished

Notes
Turn   | Place    | Note
-------+----------+-------------------------------------------
     0 | D:1      | sankara the Hill Orc Summoner began the quest for the Orb.
     0 | D:1      | Reached XP level 1. HP: 14/14 MP: 3/3
   472 | D:1      | Reached XP level 2. HP: 14/20 MP: 4/4
  1024 | D:1      | Learned a level 2 spell: Call Imp
  1204 | D:1      | Found a faded altar of an unknown god.
  1496 | D:1      | Reached XP level 3. HP: 25/26 MP: 5/5
  1983 | D:2      | Reached skill level 1 in Fighting
  1989 | D:2      | Reached skill level 1 in Armour
  1989 | D:2      | Reached XP level 4. HP: 35/35 MP: 3/7
  2789 | D:3      | Found a transporter.
  2795 | D:3      | Found a transporter.
  2908 | D:3      | Reached XP level 5. HP: 40/40 MP: 8/8
  2911 | D:3      | Found a glowing drain.
  2936 | D:3      | Learned a level 3 spell: Call Canine Familiar
  3032 | Sewer    | Entered a sewer
  3298 | Sewer    | Reached skill level 5 in Summonings
  3308 | Sewer    | Found a shimmering altar of Xom.
  3314 | Sewer    | Reached XP level 6. HP: 19/47 MP: 6/9
  4034 | D:3      | Noticed a moth of wrath
  4036 | D:3      | Found a bloodstained altar of Trog.
  4196 | D:3      | Noticed Terence
  4211 | D:3      | Killed Terence
  4305 | D:3      | Noticed protoss039's ghost (amateur DsEE)
  4464 | D:3      | Found a one-way gate to the infinite horrors of the Abyss.
  4524 | D:3      | Killed protoss039's ghost
  4525 | D:3      | Reached skill level 1 in Axes
  4565 | D:3      | Reached XP level 7. HP: 25/52 MP: 10/10
  5345 | D:4      | Noticed Menkaure
  5354 | D:4      | HP: 2/55 [Menkaure/nerve-wracking pain (10)]
  5414 | D:4      | Killed from afar by Menkaure

Illustrated notes

Levels and vault maps discovered:
D:1:      minmay_arrival_arboretum_small, layout_loops_corners,
          shapermc_ecumenical_altar_venn, feat_on_display
D:2:      layout_rooms, serial_glass, glass_columns_a, glass_columns_a,
          minmay_strange_pillars, feat_on_display, minmay_pentomino_z4
D:3:      layout_rooms, tgw_trog, gammafunk_ghost_abyssal_escape,
          portal_sewer_entry_d, uniq_terence
D:4:      layout_loops_ring, uniq_menkaure

Skill      XL: |  1  2  3  4  5  6  7 |
---------------+----------------------+-----
Stealth        | 2 |  2.0
Dodging        | 2 3 |  3.4
Spellcasting   | 2 |  2.0
Fighting       | 1 2 |  2.0
Armour         | 1 2 3 |  3.5
Summonings     | 5 |  5.5
Axes           | 2 |  2.9

Action                   |  1- 3 |  4- 6 |  7- 9 || total
-------------------------+-------+-------+-------++-------
Melee: Unarmed           |    43 |       |       ||    43
       Dagger            |    81 |   236 |       ||   317
       Long sword        |     4 |       |       ||     4
       Punch             |     1 |     4 |       ||     5
       Hand axe          |       |   100 |    45 ||   145
 Cast: Summon Small Mamm |     9 |    12 |     4 ||    25
       Call Imp          |     1 |    14 |    11 ||    26
  Use: Scroll            |       |     4 |       ||     4
 Stab: Distracted        |       |     3 |       ||     3
Armor: Scale mail        |    75 |   314 |    11 ||   400
Dodge: Dodged            |    49 |   268 |    31 ||   348
